 Dungeon Crawl Stone Soup version 0.31-a0-1074-g0b22e4e0f1 (webtiles) character file.

Game seed: 562765668700338949

429 kae the Vexing (level 6, 0/44 HPs)
             Began as a Demonspawn Enchanter on Nov 26, 2023.
             Was an Initiate of Dithmenos.
             Slain by an ogre
             ... wielding a +0 giant spiked club
              (24 damage)
             ... on level 4 of the Dungeon.
             The game lasted 00:04:47 (3861 turns).

kae the Vexing (Demonspawn Enchanter)               Turns: 3861, Time: 00:04:48

Health: 0/44       AC:  8    Str: 14    XL:     6   Next: 66%
Magic:  7/10       EV: 12    Int: 19    God:    Dithmenos [......]
Gold:   198        SH:  4    Dex: 13    Spells: 2/10 levels left

rFire   . . .        a - +2 dagger
rCold   . . .        (no shield)
rNeg    . . .        b - +1 robe
rPois   .            (helmet restricted)
rElec   .            (no cloak)
rCorr   .            f - +0 pair of gloves
SInv    .            (no boots)
Will    .....        (no amulet)
Stlth   ++           S - +6 ring of strength
HPRegen 0.27/turn    O - +4 ring of protection
MPRegen 0.24/turn

%: no passive effects
@: no status effects
A: horns 1, magic regeneration, condensation shield
a: Renounce Religion


You were on level 4 of the Dungeon.
You worshipped Dithmenos.
Dithmenos was noncommittal.
You visited 2 branches of the dungeon, and saw 5 of its levels.
You also visited: Sewer.

You collected 198 gold pieces.


Innate Abilities, Weirdness & Mutations

You have a pair of small horns on your head.
You regenerate magic rapidly.
A meltable shield of frost defends you. (SH +4)


   Skills:
 + Level 2.2 Fighting
 * Level 2.9 Short Blades
 + Level 2.6 Dodging
 + Level 3.4 Stealth
 + Level 2.8 Spellcasting
 * Level 4.4 Hexes
 + Level 1.6 Ice Magic


You had 2 spell levels left.
You knew the following spells:

 Your Spells              Type           Power      Damage    Failure   Level
a - Ensorcelled Hibernat  Hex/Ice        28%        N/A       7%          2
b - Confusing Touch       Hex            19%        N/A       8%          3
c - Tukima's Dance        Hex            19%        N/A       8%          3

Your spell library contained the following spells:

 Spells                   Type           Power      Damage    Failure   Level
 Foxfire                  Conj/Fire      8%         2x1d4     16%         1
 Dazzling Flash           Conj/Hex       22%        N/A       19%         3
 Summon Guardian Golem    Hex/Summ       11%        N/A       19%         3
 Plasma Beam              Fire/Air       1%         2x1d11    100%        6
 Starburst                Conj/Fire      1%         6d3       100%        6
 Orb of Destruction       Conj           1%         9d5       100%        7
 Spellforged Servitor     Conj/Summ      1%         N/A       100%        7

Inventory:

Hand Weapons
 a - a +2 dagger (weapon)
Missiles
 d - 48 stones
 r - 7 poisoned darts
 t - 3 boomerangs
Armour
 b - a +1 robe (worn)
 f - a +0 pair of gloves (worn)
   (You found it on level 2 of the Dungeon)
Jewellery
 O - a +4 ring of protection (right hand)
   (You found it on level 4 of the Dungeon)
 S - a +6 ring of strength (left hand)
   (You found it on level 3 of the Dungeon)
Wands
 s - a wand of iceblast (11)
   (You found it on level 3 of the Dungeon)
Scrolls
 g - a scroll of teleportation {@r4}
 m - a scroll of enchant armour
 u - a scroll of identify {unknown}
Potions
 c - 3 potions of invisibility
 e - 6 potions of curing {unknown}
 h - 2 potions of mutation {unknown}
 i - a potion of enlightenment {unknown}
 j - 2 potions of cancellation {unknown}
 k - 2 potions of resistance {unknown}
 l - a potion of degeneration {unknown}
 n - a potion of lignification {unknown}
 o - 2 potions of heal wounds {unknown}
 p - a potion of brilliance {unknown}
 q - a potion of magic {unknown}
 v - a potion of might {unknown}

Dungeon Overview and Level Annotations

Branches:
Dungeon (4/15) Zot: 20589  Temple (1/1) D:4 Zot: 5956   Sewer (visited)

Altars:
Ashenzari
Cheibriados
Dithmenos
Fedhas
Gozag
Hepliaklqana
Makhleb
Nemelex Xobeh
Okawaru
Ru
Sif Muna
Trog
Uskayaw
Vehumet
Yredelemnul

Shops:
D:2 [

Annotations:
D:2 1 runed translucent door, Crazy Yiuf
D:4 1 runed translucent door

##.... ###....###
##.....##.. .
##.......... ..
##........... ...###
###............
......####..............
......>..........)......
....l.O@....##..........
...........###..........
.......$...# ##.........
...........# #........<
...........# #....##.##
...........# .....#....
...........# ...#..†...
.......[.... ######..⌠.
###+#####. ###....


You could see an ogre and an iguana.


Message History

There is a shadowy altar of Dithmenos here. 😕 HP[+5]
You regained 5 hp, and now have 40/44 hp.
You kneel at the altar of Dithmenos.
Dithmenos welcomes you! 😕 HP[+1]
There is a staircase back to the Dungeon here.
You climb upwards.
Welcome back to the Dungeon!
There is a staircase to the Ecumenical Temple here. 😎 HP[+3]
Your hp is fully restored (44).
Okay, then.
Unknown command.
e - 6 black potions (gained 2)
There is a staircase to the Ecumenical Temple here.
There is a stone staircase leading up here.
A phantom comes into view.
A phantom is nearby!
A phantom is nearby!
A phantom is nearby!
Casting: Ensorcelled Hibernation (safe; 7% risk of failure)
Confirm with . or Enter, or press ? or * to list all spells.
Your hands begin to glow red.
The phantom hits you.
The phantom blinks!
You blink.
The phantom barely misses you. 😕 HP[-1] MP[-3]
You take 1 damage, and now have 43/44 hp.
You lost 3 mp, and now have 7/10 mp.
You barely miss the phantom. Your headbutt misses the phantom.
You block the phantom's attack.
You hit the phantom but do no damage.
The phantom appears confused.
You barely miss the phantom. You hit the phantom.
Your headbutt misses the phantom. 😎 HP[+1] MP[+1]
Your hp is fully restored (44).
The phantom hits you.
You hit the phantom. You headbutt the phantom. The phantom hits you.
The phantom blinks!
You blink. 😕 HP[-5]
You take 5 damage, and now have 39/44 hp.
You catch the helpless phantom completely off-guard!
You puncture the phantom! 😕 HP[+1] MP[+1]
A phantom is nearby!
You strike the helpless phantom from behind!
You puncture the phantom!
You destroy the phantom!
Dithmenos accepts your kill.
No target in view!
u - a scroll labelled YTISIALIGI No target in view!
No target in view! 😎 HP[+4] MP[+1]
Your hp is fully restored (44).
Your mp is fully restored (10).
v - a metallic emerald potion No target in view!
No target in view!
You now have 182 gold pieces (gained 4).
You now have 198 gold pieces (gained 16).
Found a stone staircase leading down.
Unknown command.
An ogre comes into view. It is wielding a +0 giant spiked club.
Found a runed translucent door.
The ogre shouts!
You hear an angry hiss.
An ogre is nearby!
An ogre is nearby!
Casting: Confusing Touch (dangerous; 8% risk of failure)
Confirm with . or Enter, or press ? or * to list all spells.
Aiming: Ensorcelled Hibernation (safe; 7% risk of failure)
Press: ? - help, Shift-Dir - straight line, f - ogre
Aim: an ogre, wielding a +0 giant spiked club (chance to affect: 48%)
The ogre resists with some effort.
An iguana comes into view.
The ogre hits you with a +0 giant spiked club!!
Ouch! That really hurt!
* * * LOW HITPOINT WARNING * * *
😨 HP[-22] MP[-2]
You take 22 damage, and now have 22/44 hp.
MASSIVE DAMAGE!! (PAUSE)
You lost 2 mp, and now have 8/10 mp.
Casting: Ensorcelled Hibernation (safe; 7% risk of failure)
Confirm with . or Enter, or press ? or * to list all spells.
Aiming: Ensorcelled Hibernation (safe; 7% risk of failure)
Press: ? - help, Shift-Dir - straight line, f/p - ogre
Aim: an ogre, wielding a +0 giant spiked club (chance to affect: 48%)
The ogre looks drowsy...
The iguana hisses angrily. 😮 HP[+1] MP[-2]
You lost 2 mp, and now have 6/10 mp.
The helpless ogre fails to defend itself.
You impale the ogre!! The ogre misses you.
You hit the ogre but do no damage. 😮 MP[+1]
You hit the ogre. The ogre barely misses you.
Unknown command.
You barely miss the ogre.
The ogre hits you with a +0 giant spiked club!!
Ouch! That really hurt!
You die...

Skill      XL: |  1  2  3  4  5  6 |
---------------+-------------------+-----
Short Blades   | 1 2 |  2.9
Dodging        | 2 |  2.6
Stealth        | 3 |  3.4
Fighting       | 1 2 |  2.2
Ice Magic      | 1 |  1.6
Hexes          | 4 |  4.4
Spellcasting   | |  2.8

Action                     |  1- 3 |  4- 6 || total
---------------------------+-------+-------++-------
  Melee: Dagger            |   122 |   216 ||   338
         Punch             |       |     4 ||     4
         Headbutt          |       |    15 ||    15
   Cast: Ensorcelled Hiber |     7 |    25 ||    32
         Confusing Touch   |       |     1 ||     1
    Use: Scroll            |     4 |     2 ||     6
   Stab: Sleeping          |    10 |    28 ||    38
         Confused          |       |     2 ||     2
 Armour: Robe              |    65 |    94 ||   159
  Dodge: Dodged            |    71 |    98 ||   169
  Block: Other             |    14 |    33 ||    47

Levels and vault maps discovered:
D:1:      evilmike_arrival_rings, layout_basic,
          chequers_ecumenical_altar_simple_redux, minmay_heptomino_l4
D:2:      layout_loops_corners, serial_shops, shop, uniq_crazy_yiuf_cottage
D:3:      layout_basic, mainiacjoe_overflow_six_doors_small,
          mainiacjoe_sewer_entry_somewhere_in_here_2,
          wander_ebering_terrifying_dragon_lair
D:4:      layout_cave_pods, minmay_temple_entry_large_hall,
          ebering_ghost_sewer_f, uniq_natasha, uniq_sigmund
Temple:   nicolae_temple_slightly_damp_pantheon

Notes
Turn   | Place    | Note
-------+----------+-------------------------------------------
     0 | D:1      | kae the Demonspawn Enchanter began the quest for the Orb.
     0 | D:1      | Reached XP level 1. HP: 13/13 MP: 3/3
     0 | D:1      | magus.rc [v1.11.3]
    48 | D:1      | You pick up a book of Fire and begin reading...
    48 | D:1      | You add the spells Foxfire, Plasma Beam and Starburst to
                  | your library.
    74 | D:1      | Reached skill level 1 in Short Blades
   208 | D:1      | Gained mutation: A meltable shield of frost defends you.
                  | (SH +4) [demonic ancestry]
   208 | D:1      | Reached XP level 2. HP: 19/19 MP: 5/5
   211 | D:1      | Learned a level 2 spell: Ensorcelled Hibernation
   274 | D:1      | Found a faded altar of an unknown god.
   322 | D:1      | You pick up a book of Dangerous Friends and begin
                  | reading...
   322 | D:1      | You add the spells Summon Guardian Golem, Orb of
                  | Destruction and Spellforged Servitor to your library.
   662 | D:1      | HP: 5/20 [jackal (2)]
   663 | D:1      | HP: 1/20 [jackal (2)]
   958 | D:1      | Reached XP level 3. HP: 24/25 MP: 6/6
   962 | D:1      | Learned a level 3 spell: Confusing Touch
  1004 | D:2      | Reached skill level 2 in Dodging
  1361 | D:2      | Reached skill level 3 in Stealth
  1434 | D:2      | Found Zenaweska's Armour Boutique.
  1452 | D:2      | Reached skill level 1 in Fighting
  1452 | D:2      | Gained mutation: You regenerate magic rapidly. [demonic
                  | ancestry]
  1452 | D:2      | Reached XP level 4. HP: 32/32 MP: 7/7
  2043 | D:2      | Found a runed translucent door.
  2044 | D:2      | Noticed Crazy Yiuf
  2046 | D:2      | Identified the +5 hammer of Wikhast {flame, MP+9 Int+3}
  2662 | D:3      | Reached skill level 2 in Short Blades
  2664 | D:3      | Found a glowing drain.
  2669 | Sewer    | Entered a sewer
  2747 | Sewer    | Reached skill level 1 in Ice Magic
  2827 | Sewer    | Gained mutation: You have a pair of small horns on your
                  | head. [demonic ancestry]
  2827 | Sewer    | Reached XP level 5. HP: 36/37 MP: 3/8
  2948 | Sewer    | Reached skill level 4 in Hexes
  2973 | Sewer    | Found a viscous altar of Jiyva.
  3051 | Sewer    | Reached XP level 6. HP: 44/44 MP: 9/9
  3055 | Sewer    | Learned a level 3 spell: Tukima's Dance
  3191 | D:3      | Reached skill level 2 in Fighting
  3400 | D:3      | Found a broken altar of Ashenzari.
  3709 | D:4      | Found a staircase to the Ecumenical Temple.
  3738 | Temple   | Entered the Ecumenical Temple
  3760 | Temple   | Became a worshipper of Dithmenos the Shadowed
  3852 | D:4      | Found a runed translucent door.
  3861 | D:4      | Slain by an ogre

Vanquished Creatures
  A phantom (D:4)
  A hound (D:4)
  4 jellies (Sewer)
  An orc wizard (D:3)
  6 adders
  2 river rats (Sewer)
  2 worms
  2 dart slugs
  4 orcs (D:3)
  6 bats
  15 endoplasms
  7 giant cockroaches
  5 goblins
  5 hobgoblins
  4 jackals (D:1)
  11 kobolds
  2 quokkas (D:1)
  15 ball pythons
  4 frilled lizards
  10 rats
107 creatures vanquished.

Table legend:
 A = Non-vault XP
 B = Vault XP
 C = Vault XP percentage of total XP
 D = Non-vault monster count
 E = Vault monster count
 F = Vault count percentage of total count
                 A         B        C        D         E       F
            +---------+---------+-------+---------+---------+-------
      Total |     364 |     250 |  40.7 |      74 |      33 |  30.8
            +---------+---------+-------+---------+---------+-------
        D:1 |      39 |       3 |   7.1 |      23 |       2 |   8.0
        D:2 |      88 |       0 |   0.0 |      22 |       0 |   0.0
        D:3 |      92 |       9 |   8.9 |      26 |       7 |  21.2
        D:4 |     145 |       0 |   0.0 |       3 |       0 |   0.0
      Sewer |       0 |     238 | 100.0 |       0 |      24 | 100.0
            +---------+---------+-------+---------+---------+-------

Skill      XL: |  1  2  3  4  5  6 |
---------------+-------------------+-----
Short Blades   | 1 2 |  2.9
Dodging        | 2 |  2.6
Stealth        | 3 |  3.4
Fighting       | 1 2 |  2.2
Ice Magic      | 1 |  1.6
Hexes          | 4 |  4.4
Spellcasting   | |  2.8

Action                     |  1- 3 |  4- 6 || total
---------------------------+-------+-------++-------
  Melee: Dagger            |   122 |   216 ||   338
         Punch             |       |     4 ||     4
         Headbutt          |       |    15 ||    15
   Cast: Ensorcelled Hiber |     7 |    25 ||    32
         Confusing Touch   |       |     1 ||     1
    Use: Scroll            |     4 |     2 ||     6
   Stab: Sleeping          |    10 |    28 ||    38
         Confused          |       |     2 ||     2
 Armour: Robe              |    65 |    94 ||   159
  Dodge: Dodged            |    71 |    98 ||   169
  Block: Other             |    14 |    33 ||    47

Illustrated notes

Table legend:
 A = Kills in this place as a percentage of kills in the entire game.
 B = Kills by you in this place as a percentage of kills by you in the entire game.
 C = Kills by friends in this place as a percentage of kills by friends in the entire game.
 D = Other kills in this place as a percentage of other kills in the entire game.
 E = Experience gained in this place as a percentage of experience gained in the entire game.
 F = Experience gained in this place divided by the number of levels of this place that you have seen.
                   A       B       C       D       E      F
               +-------+-------+-------+-------+-------+----------------------
         Total | 100.0 | 100.0 |   N/A |   N/A | 100.0 | 102.3
       Dungeon |  77.6 |  77.6 |   N/A |   N/A |  61.2 |  94.0
         Sewer |  22.4 |  22.4 |   N/A |   N/A |  38.8 | 238.0
               +-------+-------+-------+-------+-------+----------------------

Table legend: (Time is in decaauts)
 A = Elapsed time spent in this place.
 B = Non-inter-level travel time spent in this place.
 C = Inter-level travel time spent in this place.
 D = Time resting spent in this place.
 E = Time spent auto-exploring this place.
 F = Levels seen in this place.
 G = Mean time per level.
                   A        B        C        D        E       F      G
               +--------+--------+--------+--------+--------+-----+--------+
         Total |   3875 |   3735 |    140 |    114 |   2603 |   6 |  645.8 |
       Dungeon |   3409 |   3310 |     99 |     49 |   2439 |   4 |  852.2 |
        Temple |     43 |      2 |     41 |      0 |      0 |   1 |   43.0 |
         Sewer |    423 |    423 |      0 |     65 |    163 |   1 |  423.0 |
               +--------+--------+--------+--------+--------+-----+--------+

Top non-repeatable levels by time:
     D:2: 1281 daAuts
     D:3: 1054 daAuts
     D:1: 968 daAuts
   Sewer: 423 daAuts
     D:4: 104 daAuts
  Temple: 43 daAuts
